 Dungeon Crawl Stone Soup version 0.31-a0-557-g6e16503903 (webtiles) character file.

Game seed: 3887084316751844559

48137 Maratek the Cruncher (level 14, -13/100 HPs)
             Began as a Pale Draconian Fighter on Aug 16, 2023.
             Was a High Priest of Hepliaklqana.
             Killed from afar by a shock serpent (16 damage)
             ... with a bolt of electricity
             ... on level 1 of the Snake Pit.
             The game lasted 00:49:46 (17646 turns).

Maratek the Cruncher (Pale Draconian Fighter)      Turns: 17646, Time: 00:49:53

Health: -13/100    AC: 13    Str: 26    XL:     14   Next: 11%
Magic:  14/14      EV: 22    Int: 10    God:    Hepliaklqana [*****.]
Gold:   1777       SH:  0    Dex: 14    Spells: 13/13 levels left

rFire   + . .        D - +4 war axe "Yjorug" {drain, rC+ rCorr Dex+2}
rCold   + . .        (no shield)
rNeg    . . .        (body armour unavailable)
rPois   .            (helmet restricted)
rElec   .            j - +2 cloak
rCorr   +            N - +0 pair of gloves
SInv    .            a - +0 pair of boots of Duck's Teeth {Fly rF+ Str+5}
Will    +....        (no amulet)
Stlth   ++++         q - +4 ring of slaying
HPRegen 1.16/turn    B - +5 ring of evasion
MPRegen 0.14/turn

%: no passive effects
@: flying, studying Spellcasting
A: reduced essence, breathe steam, AC +8, unfitting armour, cold-blooded, steam
resistance, frail 1, regeneration 1
a: Breathe Steam, Renounce Religion, Recall Ancestor, Ancestor Identity,
Transference, Idealise


You were on level 1 of the Snake Pit.
You worshipped Hepliaklqana.
Hepliaklqana was extremely pleased with you.
You visited 3 branches of the dungeon, and saw 18 of its levels.

You collected 1777 gold pieces.

Inventory:

Hand Weapons
 y - a +3 battleaxe of flaming
 D - the +4 war axe "Yjorug" (weapon) {drain, rC+ rCorr Dex+2}
   (You found it on level 1 of the Lair of Beasts)

   Dex+2:     It affects your dexterity (+2).
   rC+:       It protects you from cold.
   rCorr:     It protects you from acid and corrosion.
 M - the +5 quarterstaff of Nojugidd {protect, rElec rCorr Str+4}
   (You found it on level 4 of the Lair of Beasts)

   Str+4:     It affects your strength (+4).
   rElec:     It insulates you from electricity.
   rCorr:     It protects you from acid and corrosion.
Armour
 a - the +0 pair of boots of Duck's Teeth (worn) {Fly rF+ Str+5}
   (You acquired it on level 9 of the Dungeon)

   Str+5:     It affects your strength (+5).
   rF+:       It protects you from fire.
   Fly:       It grants you flight.
 j - a +2 cloak (worn)
 N - a +0 pair of gloves (worn)
Jewellery
 q - a +4 ring of slaying (left hand)
 w - a ring of ice
 z - a ring of resist corrosion
 B - a +5 ring of evasion (right hand)
 K - a ring of see invisible
Wands
 b - a wand of polymorph (5)
 d - a wand of flame (20)
 p - a wand of charming (7)
 t - a wand of mindburst (4)
 C - a wand of iceblast (6)
 G - a wand of quicksilver (4)
Scrolls
 f - 4 scrolls of teleportation
 g - 2 scrolls of fear
 h - a scroll of blinking
 r - a scroll of fog
 v - a scroll of vulnerability
 E - 2 scrolls of identify
 H - a scroll of enchant armour
 J - a scroll of revelation
Potions
 c - 2 potions of might
 e - 4 potions of attraction {unknown}
 i - 7 potions of ambrosia
 k - 2 potions of invisibility {unknown}
 l - 2 potions of haste
 m - 7 potions of enlightenment {unknown}
 n - 2 potions of magic {unknown}
 o - 6 potions of heal wounds {unknown}
 s - 4 potions of mutation
 u - 4 potions of brilliance
 x - a potion of berserk rage {unknown}
 A - a potion of lignification {unknown}
 F - 2 potions of cancellation {unknown}
 I - a potion of degeneration {unknown}
Miscellaneous
 L - a phantom mirror


   Skills:
 + Level 12.1 Fighting
 * Level 12.5 Axes
 - Level 13.6 Staves
 + Level 10.2 Dodging
 + Level 7.7 Stealth
 + Level 3.8 Shields
 + Level 1.5 Evocations


You had 13 spell levels left.
You didn't know any spells.
Your spell library contained the following spells:

 Spells                   Type           Power      Damage    Failure   Level
 Apportation              Tloc           0%         N/A       36%         1
 Magic Dart               Conj           0%         1d3       36%         1
 Necrotise                Necr           0%         1d4       36%         1
 Summon Small Mammal      Summ           0%         N/A       36%         1
 Searing Ray              Conj           0%         2d4       50%         2
 Fulminant Prism          Conj/Hex       0%         3d5       98%         4
 Alistair's Intoxication  Tmut/Pois      0%         N/A       100%        5


Dungeon Overview and Level Annotations

Branches:
Dungeon (12/15)            Temple (0/1) D:7            Lair (5/5) D:9
 Shoals (0/4) Lair:2        Snake (1/4) Lair:2        Slime (0/5) Lair:5
    Orc (0/2) D:10

Altars:
Ashenzari
Fedhas
Hepliaklqana
Makhleb
Nemelex Xobeh
Ru
Yredelemnul
The Shining One

Shops:
D:5 :   D:6 *   D:7 :

Annotations:
D:11 3 runed translucent doors, exclusion: 3 oklob plants


Innate Abilities, Weirdness & Mutations

Your life essence is reduced to manifest your ancestor. (-10% HP)
You can breathe blasts of scalding, opaque steam.
Your pale cyan-grey scales are hard. (AC +8)
You cannot fit into any form of body armour.
You are cold-blooded and may be slowed by cold attacks.
You are immune to the effects of steam.
You are frail. (-10% HP)
Your natural rate of healing is unusually fast.


Message History

A mana viper comes into view.
You feel sick.
Yami hits the naga with a +0 quarterstaff.
You feel sick.
The naga hits Yami with a +0 long sword!
Something closely misses Yami.
Yami hits the naga with a +0 quarterstaff!
Something hits Yami!
You feel sick.
Yami has departed this plane of existence.
You feel sick.
You are no longer poisoned.
The shock serpent shoots out a bolt of lightning at you!
The bolt of electricity hits you!!
You hear a shout!
The shock serpent shoots out a bolt of lightning at you!
The bolt of electricity hits you!
Found a stone staircase leading down.
The shock serpent misses you.
The shock serpent shoots out a bolt of lightning at you!
The bolt of electricity hits you! The bolt of electricity hits you!!
You slice the shock serpent!! You drain the shock serpent.
The shock serpent is heavily wounded.
The shock serpent's electric aura discharges, shocking you!
* * * LOW HITPOINT WARNING * * *
The shock serpent closely misses you.
You slice the shock serpent!!
The shock serpent is almost dead.
The shock serpent's electric aura discharges, shocking you!
* * * LOW HITPOINT WARNING * * *
The shock serpent shoots out a bolt of lightning at you!
The bolt of electricity hits you!!
* * * LOW HITPOINT WARNING * * *
The bolt of electricity misses you.
Blink to where?
Press: ? - help, Q - select action, (/) - cycle Dir - move target
As you read the scroll of blinking, it crumbles to dust.
The shock serpent shoots out a bolt of lightning at you!
The bolt of electricity hits you!
You die...

###.
#..........##
... ###.......##
#.#####.#######
#......##
#####.#####.###
.....##
##..######
##.#.# #.......#
###.# ##......##
### ##.....@.#
#........#
###........#
###..........#
...##........##
#. #####.....#
#. ####..##..#
#>###..S..####.#
#
#....#......###


You could see a shock serpent (drained).

Vanquished Creatures
  Rupert (Lair:4)
  Fannar (D:12)
  A hydra (Lair:5)
  An anaconda (Lair:2)
  A two-headed ogre (D:10)
  A naga sharpshooter (Snake:1)
  A skyshark (Lair:4)
  Lodul (D:10)
  2 lindwurms (Lair:5)
  A salamander (Snake:1)
  3 manticores
  An elephant (Lair:5)
  3 black mambas
  A merfolk siren (Lair:2)
  2 cane toads
  2 gargoyles (D:12)
  4 komodo dragons
  5 rime drakes
  A tengu conjurer (D:12)
  A queen bee (Lair:2)
  2 trolls
  A hornet (Lair:5)
  A wind drake (Lair:5)
  4 polar bears (Lair:5)
  7 dream sheep (Lair:5)
  Prince Ribbit (D:7)
  Grinder (D:3)
  11 blink frogs
  A snapping turtle (Lair:5)
  A shadow (D:8)
  A wraith (D:9)
  37 yaks
  2 wyverns
  3 basilisks
  2 steam dragons
  2 acid dragons (D:10)
  6 water moccasins
  A sky beast (D:8)
  An ice beast (D:7)
  3 black bears
  6 ogres
  4 orc warriors
  9 wolves
  5 centaurs
  A phantom (D:5)
  4 kobold brigands
  9 bullfrogs
  A gnoll sergeant (D:12)
  A scorpion (D:5)
  8 wights
  16 killer bees (Lair:2)
  3 howler monkeys
  2 electric eels (Lair:5)
  A lava snake (Lair:2)
  10 hounds
  2 gnoll boudas
  4 orc priests
  A sleepcap (D:5)
  Crazy Yiuf (D:2)
  A jelly (D:5)
  5 iguanas
  Ijyb (D:5)
  7 orc wizards
  Robin (D:4)
  12 adders
  7 gnolls
  2 ufetubi
  A dart slug (D:1)
  36 orcs
  12 endoplasms
  3 giant cockroaches
  17 goblins
  10 hobgoblins
  4 jackals (D:2)
  3 quokkas
  6 ball pythons
  5 bats
  4 frilled lizards (D:1)
  14 kobolds
  6 rats
367 creatures vanquished.

Vanquished Creatures (collateral kills)
  A merfolk avatar (Lair:5)
  Urug (D:12)
  A skyshark (Lair:5)
  A sea snake (Lair:5)
  A lindwurm (Lair:5)
  3 manticores
  A black mamba (Lair:3)
  2 salamanders
  A naga mage (Snake:1)
  5 cane toads
  4 komodo dragons
  2 rime drakes
  2 hornets (Lair:5)
  A troll (D:11)
  2 polar bears (Lair:5)
  7 blink frogs
  7 dream sheep (Lair:5)
  A basilisk (Lair:1)
  13 yaks
  An acid dragon (D:11)
  A naga (Snake:1)
  A floating eye (D:11)
  2 water moccasins (Lair:3)
  An orc warrior (D:10)
  4 ogres (D:10)
  2 centaurs
  3 wolves
  3 bullfrogs (Lair:1)
  8 killer bees (Lair:2)
  A howler monkey (D:10)
  2 lava snakes (Lair:2)
  An orc priest (D:11)
  5 orc wizards
  A gnoll (D:12)
  6 orcs
  A kobold (D:8)
99 creatures vanquished.

Vanquished Creatures (others)
  An unseen horror (D:11)
  11 battlemagi
  4 ancestors
16 creatures vanquished.

Grand Total: 482 creatures vanquished

Notes
Turn   | Place    | Note
-------+----------+-------------------------------------------
     0 | D:1      | Maratek the Draconian Fighter began the quest for the Orb.
     0 | D:1      | Reached XP level 1. HP: 19/19 MP: 1/1
   184 | D:1      | Reached XP level 2. HP: 24/26 MP: 2/2
   682 | D:1      | Reached XP level 3. HP: 25/33 MP: 3/3
  1025 | D:2      | Reached XP level 4. HP: 18/40 MP: 4/4
  1689 | D:2      | Found a runed translucent door.
  1690 | D:2      | Noticed Crazy Yiuf
  2005 | D:2      | Killed Crazy Yiuf
  2238 | D:3      | Reached XP level 5. HP: 42/46 MP: 5/5
  2515 | D:3      | Noticed Grinder
  2516 | D:3      | Paralysed by Grinder for 5 turns
  2528 | D:3      | HP: 1/46 [Grinder (2)]
  2533 | D:3      | Killed Grinder
  2534 | D:3      | Reached skill level 1 in Staves
  2534 | D:3      | Reached skill level 1 in Stealth
  2534 | D:3      | Reached XP level 6. HP: 3/53 MP: 6/6
  2981 | D:4      | Noticed Robin
  3003 | D:4      | Killed Robin
  3090 | D:4      | Reached skill level 2 in Staves
  3208 | D:4      | Your scales start taking on a pale cyan-grey colour.
  3208 | D:4      | Reached XP level 7. HP: 60/60 MP: 7/7
  3208 | D:4      | Gained mutation: You are immune to the effects of steam.
                  | [Pale Draconian growth]
  3291 | D:4      | Found a sparkling altar of Nemelex Xobeh.
  3551 | D:4      | Found a blossoming altar of Fedhas.
  3613 | D:4      | Found a burning altar of Makhleb.
  3759 | D:5      | Entered Level 5 of the Dungeon
  3871 | D:5      | Noticed Ijyb
  3873 | D:5      | Killed Ijyb
  3874 | D:5      | Reached skill level 3 in Staves
  3940 | D:5      | Found a glowing golden altar of the Shining One.
  3993 | D:5      | Reached skill level 5 in Fighting
  4090 | D:5      | You fall into a shaft and drop 1 floor!
  4097 | D:6      | Found a broken altar of Ashenzari.
  4155 | D:6      | Reached skill level 4 in Staves
  4386 | D:6      | Found a hazy altar of Hepliaklqana.
  4392 | D:6      | Found Zuxep's Assorted Antiques.
  4402 | D:6      | Became a worshipper of Hepliaklqana the Forgotten
  4438 | D:5      | Reached XP level 8. HP: 69/69 MP: 8/8
  4482 | D:5      | Found Yghaogyo's Book Emporium.
  4566 | D:5      | Reached skill level 5 in Staves
  4566 | D:5      | Reached skill level 5 in Dodging
  5351 | D:6      | Reached skill level 6 in Staves
  5826 | D:7      | Reached XP level 9. HP: 32/78 MP: 9/9
  6130 | D:7      | Reached skill level 7 in Staves
  6190 | D:7      | Reached * piety under Hepliaklqana
  6493 | D:7      | Found a staircase to the Ecumenical Temple.
  6710 | D:7      | Noticed Prince Ribbit
  6714 | D:7      | Killed Prince Ribbit
  6788 | D:7      | Found Dac Dimm's Book Boutique.
  7004 | D:8      | Reached skill level 8 in Staves
  7685 | D:8      | Found a sacrificial altar of Ru.
  7947 | D:9      | Found a staircase to the Lair.
  7962 | D:9      | Reached skill level 9 in Staves
  8011 | D:9      | Reached XP level 10. HP: 69/79 MP: 10/10
  8547 | D:9      | Found a basalt altar of Yredelemnul.
  8584 | D:9      | Reached skill level 10 in Staves
  8711 | D:9      | Identified a scroll of acquirement
  8711 | D:9      | Acquired the +0 pair of boots of Duck's Teeth {Fly rF+
                  | Str+5}
  8862 | D:9      | Identified the +1 robe "Guag" {rC- Dex+5}
  8881 | D:9      | Reached ** piety under Hepliaklqana
  8882 | D:9      | Remembered your ancestor Yami as a battlemage
  9098 | D:10     | Entered Level 10 of the Dungeon
  9220 | D:10     | Found a staircase to the Orcish Mines.
  9335 | D:10     | Reached skill level 5 in Stealth
  9417 | D:10     | Noticed Lodul
  9435 | D:10     | Reached skill level 11 in Staves
  9435 | D:10     | Your ally Lodul died
  9436 | D:10     | Reached XP level 11. HP: 87/87 MP: 11/11
  9468 | D:10     | Noticed a two-headed ogre
  9477 | D:10     | Killed a two-headed ogre
  9992 | D:10     | Gained mutation: You are weak. (Str -2) [potion of
                  | mutation]
  9992 | D:10     | Gained mutation: Your natural rate of healing is unusually
                  | fast. [potion of mutation]
  9992 | D:10     | Gained mutation: You are frail. (-10% HP) [potion of
                  | mutation]
  9992 | D:10     | Lost mutation: You are weak. (Str -2) [potion of mutation]
 10335 | D:11     | Found a runed translucent gate.
 10335 | D:11     | Found a runed translucent gate.
 10335 | D:11     | Found a runed translucent gate.
 10335 | D:11     | Noticed a white ugly thing
 10336 | D:11     | Noticed a glowing orange brain
 10336 | D:11     | Noticed a white ugly thing
 10337 | D:11     | Noticed a lindwurm
 10337 | D:11     | Noticed a brown ugly thing
 10338 | D:11     | a lindwurm changed into a merfolk
 10338 | D:11     | Noticed a cyan ugly thing
 10338 | D:11     | Noticed a cyan ugly thing
 10339 | D:11     | a merfolk changed into a two-headed ogre
 10339 | D:11     | Noticed a two-headed ogre (glowing shapeshifter)
 10340 | D:11     | a two-headed ogre changed into an orb spider
 10340 | D:11     | Noticed an orb spider (glowing shapeshifter)
 10341 | D:11     | an orb spider changed into an eye of devastation
 10359 | D:11     | Noticed a skyshark
 10471 | D:11     | Reached skill level 12 in Staves
 10495 | D:11     | Noticed an oklob plant
 10535 | D:11     | Noticed an oklob plant
 10541 | D:11     | Noticed an oklob plant
 10791 | D:11     | Reached *** piety under Hepliaklqana
 11729 | D:12     | Noticed Fannar
 11740 | D:12     | Killed Fannar
 12045 | D:12     | Reached skill level 10 in Fighting
 12045 | D:12     | Reached skill level 1 in Evocations
 12097 | D:12     | Noticed Urug
 12107 | D:12     | Killed Urug
 12108 | D:12     | Reached skill level 13 in Staves
 12196 | Lair:1   | Entered Level 1 of the Lair of Beasts
 12278 | Lair:1   | Reached XP level 12. HP: 84/84 MP: 12/12
 12559 | Lair:1   | Identified the +4 war axe "Yjorug" {drain, rC+ rCorr Dex+2}
 12606 | Lair:1   | Reached **** piety under Hepliaklqana
 13062 | Lair:2   | Reached skill level 5 in Axes
 13299 | Lair:2   | Found a staircase to the Shoals.
 13762 | Lair:2   | Found a staircase to the Snake Pit.
 14097 | Lair:3   | Reached ***** piety under Hepliaklqana
 14576 | Lair:4   | Reached XP level 13. HP: 92/92 MP: 13/13
 14830 | Lair:4   | Identified the +5 quarterstaff of Nojugidd {protect, rElec
                  | rCorr Str+4}
 14986 | Lair:4   | Noticed Rupert
 15002 | Lair:4   | Killed Rupert
 15363 | Lair:5   | Entered Level 5 of the Lair of Beasts
 15530 | Lair:5   | Reached skill level 10 in Axes
 15990 | Lair:5   | Found a staircase to the Slime Pits.
 16034 | Lair:5   | Reached skill level 10 in Dodging
 16906 | Lair:4   | Reached XP level 14. HP: 100/100 MP: 14/14
 17109 | Snake:1  | Entered Level 1 of the Snake Pit
 17645 | Snake:1  | HP: 2/100 [shock serpent/bolt of electricity (22)]
 17646 | Snake:1  | Killed from afar by a shock serpent

Illustrated notes

Levels and vault maps discovered:
D:1:      sevenhm_arrival_forest_fort_small_5, layout_basic
D:2:      layout_basic, uniq_crazy_yiuf_cottage
D:3:      layout_rooms, nicolae_overflow_hidden_temple,
          small_statue_intersection, uniq_grinder
D:4:      layout_loops_ring, nemelex_diamond_rough_becter,
          mainiacjoe_overflow_two_lobes, kennysheep_generic_room_14, uniq_robin
D:5:      layout_loops_cross, mainiacjoe_overflow_surrounded_room, serial_shops,
          shop, minmay_fractal_squares_gapless_5, uniq_ijyb
D:6:      layout_cave_pods, mainiacjoe_overflow_24_doors,
          mainiacjoe_overflow_chevrons, serial_shops,
          nicolae_shop_tiny_statue_garden
D:7:      layout_loops_ring, minmay_temple_entry_hall, serial_shops,
          nicolae_shop_rolling_square, minmay_misc_feat_x, uniq_prince_ribbit1
D:8:      layout_rooms, amcnicky_altar_gilded
D:9:      layout_rooms, lemuel_doored_altar, lair_entry_dummy
D:10:     layout_gridville, david_orc_2, uniq_lodul
D:11:     layout_stronghold, ploomutoo_gammafunk_ghost_potion_laboratory,
          disabler_island
D:12:     layout_cave_pools, nicolae_trove_entry_crossroad, uniq_fannar,
          uniq_urug
Lair:1:   layout_cave_pods
Lair:2:   layout_roguey [special_room_bee], minmay_shoals_entry_lonely_mermaid,
          nicolae_snake_entry_warm_welcome, lemuel_fruit_tree
Lair:3:   layout_chaotic_city
Lair:4:   layout_loops_ring, uniq_rupert
Lair:5:   gammafunk_lair_ancient_temple, layout_gridlike, slime_entry_1,
          nicolae_volcano_entry_vermiform, infiniplex_staircase_pool
Snake:1:  layout_chambers, hangedman_snake_corridor_cut, grunt_megastairs_2

Skill      XL: |  1  2  3  4  5  6  7  8  9 10 11 12 13 |
---------------+----------------------------------------+-----
Dodging        | 3 4 5 6 7 8 9 10 | 10.2
Axes           | 3 4 7 12 | 12.5
Fighting       | 4 5 6 7 9 10 11 12 | 12.1
Staves         | 1 2 4 6 9 11 13 | 13.6
Stealth        | 1 2 4 5 6 7 |  7.7
Evocations     | 1 |  1.5
Shields        | |  3.8

Action                     |  1- 3 |  4- 6 |  7- 9 | 10-12 | 13-15 || total
---------------------------+-------+-------+-------+-------+-------++-------
  Melee: War axe           |   109 |    22 |       |    81 |   179 ||   391
         Tailslap          |     9 |     3 |    27 |    35 |    36 ||   110
         Quarterstaff      |       |    79 |   201 |   194 |       ||   474
         Punch             |       |       |       |     2 |     4 ||     6
         Battleaxe         |       |       |       |       |    15 ||    15
 Invoke: Ancestor Identity |       |       |     1 |       |       ||     1
         Ancestor Life: Ba |       |       |       |     1 |       ||     1
         Recall Ancestor   |       |       |       |       |     1 ||     1
Ability: Breathe Steam     |       |       |    30 |    37 |     6 ||    73
  Evoke: Wand              |       |       |       |     3 |       ||     3
    Use: Scroll            |       |       |     6 |     8 |     2 ||    16
         Potion            |       |       |       |     9 |     2 ||    11
   Stab: Sleeping          |       |     1 |     3 |     3 |     3 ||    10
         Petrifying        |       |       |       |     2 |       ||     2
         Confused          |       |       |       |     2 |       ||     2
         Distracted        |       |       |       |     4 |     5 ||     9
 Armour: Skin              |    49 |    49 |    86 |    70 |    43 ||   297
  Dodge: Dodged            |    88 |    74 |   155 |   277 |   207 ||   801
  Block: Buckler           |    19 |     3 |       |       |       ||    22

Table legend: (Time is in decaauts)
 A = Elapsed time spent in this place.
 B = Non-inter-level travel time spent in this place.
 C = Inter-level travel time spent in this place.
 D = Time resting spent in this place.
 E = Time spent auto-exploring this place.
 F = Levels seen in this place.
 G = Mean time per level.
                   A        B        C        D        E       F      G
               +--------+--------+--------+--------+--------+-----+--------+
         Total |  17675 |  17092 |    583 |   2620 |  10313 |  18 |  981.9 |
       Dungeon |  12239 |  11805 |    434 |   1999 |   7333 |  12 | 1019.9 |
          Lair |   5204 |   5055 |    149 |    612 |   2918 |   5 | 1040.8 |
     Snake Pit |    231 |    231 |      0 |      9 |     62 |   1 |  231.0 |
               +--------+--------+--------+--------+--------+-----+--------+

Top non-repeatable levels by time:
    D:11: 1501 daAuts
  Lair:5: 1457 daAuts
     D:2: 1445 daAuts
     D:8: 1237 daAuts
  Lair:2: 1189 daAuts
     D:7: 1179 daAuts
     D:6: 1073 daAuts
    D:10: 1011 daAuts
     D:5: 982 daAuts
  Lair:4: 944 daAuts
     D:4: 904 daAuts
     D:9: 893 daAuts
  Lair:3: 807 daAuts
  Lair:1: 805 daAuts
     D:1: 772 daAuts
